 Dungeon Crawl Stone Soup version 0.27-a0-1193-g8631133539 (webtiles) character file.

Game seed: 8306780248471526483

179 EnegeticOcto the Magician (level 5, -4/35 HPs)
             Began as a Djinni Venom Mage on May 25, 2021.
             Slain by Purgy (6 damage)
             ... on level 3 of the Dungeon.
             The game lasted 00:08:12 (1306 turns).

EnegeticOcto the Magician (Djinni Venom Mage)       Turns: 1306, Time: 00:08:13

Health: -4/35      AC:  2    Str:  7    XL:     5   Next: 90%
Gold:   41         EV: 12    Int: 18    God:
                   SH:  0    Dex: 13

rFire    + + .     SeeInvis .   e - 2 scrolls of identify {@r1}
rCold    x . .     Faith    .   (no shield)
rNeg     . . .     Spirit   .   a - +0 robe
rPois    ∞         Reflect  .   (no helmet)
rElec    .         Harm     .   (no cloak)
rCorr    .         Rampage  .   (no gloves)
Will     .....                  (boots unavailable)
Stlth    ++........             (no amulet)
HPRegen  0.11/turn              (no ring)
MPRegen  0.00/turn              (no ring)

@: flying
A: sickness immunity, fire resistance 2, cold vulnerability 1, float, innate
caster, hp casting, extra vitality 1
a: no special abilities


You were on level 3 of the Dungeon.
You visited 1 branch of the dungeon, and saw 4 of its levels.

You collected 41 gold pieces.

Inventory:

Hand Weapons
 f - a +1 short sword of flaming
   (You took it off a kobold on level 4 of the Dungeon)
Missiles
 b - 33 stones (quivered)
Armour
 a - a +0 robe (worn)
Scrolls
 c - a scroll of enchant armour
 e - 2 scrolls of identify (in hand) {@r1}


   Skills:
 - Level 2.1 Dodging
 - Level 1.5 Stealth
 + Level 4.7 Spellcasting


You couldn't memorise any spells.
You knew the following spells:

 Your Spells              Type           Power      Damage    Failure   Level
a - Sting                 Tmut/Pois      84%        1d7       1%          1
b - Poisonous Vapours     Pois/Air       42%        N/A       3%          2
c - Mephitic Cloud        Conj/Pois/Air  21%        N/A       6%          3
d - Ignite Poison         Fire/Tmut/Pois 21%        N/A       6%          3
e - Olgreb's Toxic Radia  Pois           21%        N/A       19%         4
f - Sandblast             Erth           42%        2d11      1%          1
g - Static Discharge      Conj/Air       21%        N/A       3%          2
Your spell library was empty.

Dungeon Overview and Level Annotations

Branches:
Dungeon (4/15)
 Temple: D:4-7

Altars:
Dithmenos
Makhleb
Sif Muna

Annotations:
D:3 Purgy


Innate Abilities, Weirdness & Mutations

You are immune to sickness and miasma.
You are immune to poison.
Your flesh is very heat resistant. (rF++)
You are vulnerable to cold. (rC-)
You float through the air rather than walking.
You learn spells naturally, not from books.
Your magical power is your life essence.
You have superior vitality. (+4 HP)


Message History

You swing at nothing.
You swing at nothing.
You swing at nothing.
You swing at nothing.
You swing at nothing.
You swing at nothing.
You swing at nothing.
You swing at nothing.
You swing at nothing.
You swing at nothing.
You swing at nothing.
You swing at nothing.
You swing at nothing.
You swing at nothing.
You swing at nothing.
You swing at nothing.
You swing at nothing.
You swing at nothing.
You swing at nothing.
You swing at nothing.
You swing at nothing.
You swing at nothing.
You swing at nothing.
You swing at nothing.
You swing at nothing.
You swing at nothing.
You swing at nothing.
You swing at nothing.
You swing at nothing.
You swing at nothing.
You swing at nothing.
You swing at nothing.
You swing at nothing.
You swing at nothing.
You swing at nothing.
You swing at nothing.
You swing at nothing.
You swing at nothing.
You swing at nothing.
You swing at nothing.
You swing at nothing.
You swing at nothing.
You swing at nothing.
You swing at nothing.
You swing at nothing.
You fly upwards.
Level annotation: Purgy The bat hits you but does no damage.
The hobgoblin hits you but does no damage.
There is a stone staircase leading down here.
Casting: Poisonous Vapours (safe; 3% risk of failure)
Confirm with . or Enter, or press ? or * to list all spells.
Purgy is struck by an arc of lightning.
Purgy is lightly wounded.
The lightning grounds out.
The hobgoblin is struck by an arc of lightning.
You kill the hobgoblin!
Purgy is struck by an arc of lightning!
Purgy is moderately wounded.
You are struck by an arc of lightning.
The lightning grounds out.
The bat barely misses you. Purgy misses you. Purgy claws you.
Purgy completely misses you. The bat hits you.
Casting: Static Discharge (safe; 3% risk of failure)
Confirm with . or Enter, or press ? or * to list all spells.
Purgy is struck by an arc of lightning.
Purgy is moderately wounded.
You are struck by an arc of lightning.
The bat is struck by an arc of lightning.
The bat is severely wounded.
The lightning grounds out.
The bat is struck by an arc of lightning!
You kill the bat!
The lightning grounds out.
Purgy bites you. Purgy claws you. x2
Casting: Static Discharge (safe; 3% risk of failure)
Confirm with . or Enter, or press ? or * to list all spells.
Purgy is struck by an arc of lightning.
Purgy is heavily wounded.
The lightning grounds out.
Purgy bites you. Purgy claws you.
* * * LOW HITPOINT WARNING * * *
Purgy misses you.
Casting: Static Discharge (safe; 3% risk of failure)
Confirm with . or Enter, or press ? or * to list all spells.
Purgy is struck by an arc of lightning.
Purgy is heavily wounded.
The lightning grounds out.
* * * LOW HITPOINT WARNING * * *
Purgy bites you.
* * * LOW HITPOINT WARNING * * *
Purgy claws you.
* * * LOW HITPOINT WARNING * * *
Purgy claws you.
* * * LOW HITPOINT WARNING * * *
Casting: Static Discharge (safe; 3% risk of failure)
Confirm with . or Enter, or press ? or * to list all spells.
Purgy is struck by an arc of lightning!
Purgy is severely wounded.
The lightning grounds out.
* * * LOW HITPOINT WARNING * * *
Purgy bites you.
You die...

*,,,*****,,,****
*........,,,,,,,
*#......,,,,,,,*
***######......,,*,,,,*
*,,...........,,,*,,,,*
*,,,(.......#**###+####
*,,,,.......# #.......
#########...####.......
#.....@........(.......
#.....T..#######.......
#........# #.........#
#......######.........#
#.........T.#.........#
#...........'..........
#.......####'####.....#
#.....###.......#......
#######*#...≈...#..).?.


You could see Purgy.

Vanquished Creatures
  An ogre (D:4)
  A jelly (D:4)
  4 adders
  A worm (D:3)
  2 orcs (D:4)
  A ball python (D:1)
  2 endoplasms
  A giant cockroach (D:2)
  4 hobgoblins
  3 jackals (D:3)
  4 bats
  A frilled lizard (D:3)
  3 kobolds
  A rat (D:3)
29 creatures vanquished.

Notes
Turn   | Place    | Note
-------+----------+-------------------------------------------
     0 | D:1      | EnegeticOcto the Djinni Venom Mage began the quest for the
                  | Orb.
     0 | D:1      | Reached XP level 1. HP: 15/15 MP: 0/0
    92 | D:2      | Reached skill level 3 in Spellcasting
    92 | D:2      | Reached XP level 2. HP: 9/21 MP: 0/0
   269 | D:3      | Reached XP level 3. HP: 20/25 MP: 0/0
   269 | D:3      | Learned a level 1 spell: Sandblast
   310 | D:3      | Found a shadowy altar of Dithmenos.
   311 | D:3      | Found a burning altar of Makhleb.
   557 | D:3      | Reached XP level 4. HP: 8/31 MP: 0/0
   642 | D:4      | HP: 1/31 [orc/+0 hand axe (3)]
   780 | D:4      | Reached skill level 4 in Spellcasting
   801 | D:4      | HP: 1/31 [jackal (2)]
   938 | D:4      | Noticed an ogre
   966 | D:4      | Killed an ogre
   967 | D:4      | Reached XP level 5. HP: 15/35 MP: 0/0
   967 | D:4      | Learned a level 2 spell: Static Discharge
  1000 | D:3      | Noticed Purgy
  1306 | D:3      | Slain by Purgy

Illustrated notes

Levels and vault maps discovered:
D:1:      saegor_arrival_simple_b, layout_basic, hex_tiny, feat_on_display
D:2:      layout_loops_corners, uniq_jessica
D:3:      layout_basic, nicolae_overflow_hidden_temple,
          kennysheep_generic_room_10, uniq_purgy
D:4:      layout_loops_ring, slow_altar_1, ebering_ghost_sewer_d,
          dk_noncrumbling_3

Skill      XL: |  1  2  3  4 |
---------------+-------------+-----
Spellcasting   | 3 4 |  4.7
Dodging        | |  2.1
Stealth        | |  1.5

Action                   |  1- 3 |  4- 6 || total
-------------------------+-------+-------++-------
Melee: Unarmed           |     2 |     2 ||     4
       Short sword       |       |     2 ||     2
Throw: Stone             |       |     2 ||     2
 Cast: Sting             |    30 |    10 ||    40
       Poisonous Vapours |     2 |    11 ||    13
       Static Discharge  |       |     5 ||     5
       Sandblast         |       |     3 ||     3
  Use: Scroll            |     4 |     2 ||     6
       Potion            |       |     1 ||     1
Armor: Robe              |     9 |    14 ||    23
Dodge: Dodged            |    33 |    51 ||    84

Table legend: (Time is in decaauts)
 A = Elapsed time spent in this place.
 B = Non-inter-level travel time spent in this place.
 C = Inter-level travel time spent in this place.
 D = Time resting spent in this place.
 E = Time spent auto-exploring this place.
 F = Levels seen in this place.
 G = Mean time per level.
                   A        B        C        D        E       F      G
               +--------+--------+--------+--------+--------+-----+--------+
         Total |   1481 |   1478 |      3 |      0 |      0 |   4 |  370.2 |
       Dungeon |   1481 |   1478 |      3 |      0 |      0 |   4 |  370.2 |
               +--------+--------+--------+--------+--------+-----+--------+

Top non-repeatable levels by time:
     D:4: 777 daAuts
     D:3: 401 daAuts
     D:2: 231 daAuts
     D:1: 70 daAuts
